 Dungeon Crawl Stone Soup version 0.20.1-1-g8b1a95d (webtiles) character file.

2050 Gargoyl the Protected (level 9, -2/78 HPs)
             Began as a Minotaur Abyssal Knight on Aug 28, 2017.
             Was a Priest of Lugonu.
             Slain by a small abomination (6 damage)
             ... on level 7 of the Dungeon.
             The game lasted 00:11:49 (7481 turns).

Gargoyl the Protected (Minotaur Abyssal Knight)     Turns: 7481, Time: 00:11:50

Health: -2/78      AC: 16    Str: 17    XL:     9   Next: 4%
Magic:  12/12      EV:  7    Int:  9    God:    Lugonu [***...]
Gold:   82         SH:  0    Dex: 13    Spells: 8/8 levels left

rFire    . . .     SeeInvis .   d - +5 hand axe (flame)
rCold    + . .     Gourm    +   (no shield)
rNeg     . . .     Faith    .   y - +0 plate armour (curse)
rPois    .         Spirit   .   (helmet restricted)
rElec    +         Reflect  .   (no cloak)
rCorr    .         Harm     .   n - +1 pair of gloves
MR       .....                  (no boots)
Stlth    ..........             x - amulet of the gourmand
Regen    0.3/turn               (no ring)
MPRegen  0.2/turn               (no ring)

@: about to teleport
A: retaliatory headbutt, horns 2, cold resistance 1, electricity resistance
a: Depart the Abyss, Bend Space, Banish, Renounce Religion


You were on level 7 of the Dungeon.
You worshipped Lugonu.
Lugonu was most pleased with you.
You were very full.

You visited 1 branch of the dungeon, and saw 7 of its levels.
You visited the Abyss 1 time.

You collected 406 gold pieces.
You spent 324 gold pieces at shops.

Inventory:

Hand Weapons
 a - a +2 hand axe
 d - a +5 hand axe of flaming (weapon)
Missiles
 b - 3 tomahawks (quivered)
Armour
 n - a +1 pair of gloves (worn)
 y - a cursed +0 plate armour (worn)
Jewellery
 x - an amulet of the gourmand (around neck)
Wands
 q - a wand of flame (31/48)
 s - a wand of random effects (19/48)
 u - a wand of scattershot (8/9)
Scrolls
 e - 7 scrolls of remove curse
 l - 7 scrolls of teleportation
 m - 3 scrolls of identify
 v - a scroll of fog {unknown}
 C - a scroll of amnesia {unknown}
Potions
 g - a potion of might {unknown}
 i - a potion of agility {unknown}
 j - 3 potions of lignification {unknown}
 k - 2 potions of heal wounds
 o - a potion of cancellation
 p - 4 potions of curing
 r - a potion of resistance {unknown}
 t - a potion of magic {unknown}
 w - a potion of degeneration {unknown}
 A - a potion of haste {unknown}
Comestibles
 c - 6 bread rations
 f - 3 royal jellies
 h - a meat ration
 z - 2 fruits


   Skills:
 + Level 6.4 Fighting
 + Level 8.0 Axes
 * Level 8.3 Armour
 + Level 3.3 Dodging
 * Level 5.4 Invocations


You had 8 spell levels left.
You didn't know any spells.

Dungeon Overview and Level Annotations

Branches:
Dungeon (7/15)
 Temple: D:4-7

Altars:
Dithmenos
Gozag
Makhleb
Nemelex Xobeh
The Shining One
Lugonu

Shops:
D:6 (!*

Annotations:
D:7 1 transporter


Innate Abilities, Weirdness & Mutations

You reflexively headbutt those who attack you in melee.
You have a pair of horns on your head.
Your flesh is cold resistant. (rC+)
You are resistant to electric shocks. (rElec)


Message History

The small abomination hits you but does no damage. x2
The small abomination barely misses you.
The small abomination hits you.
The purple ugly thing barely misses you.
The small abomination hits you!
* * * LOW HITPOINT WARNING * * *
As you read the scroll of teleportation, it crumbles to dust.
You feel strangely unstable. The small abomination hits you.
* * * LOW HITPOINT WARNING * * *
The small abomination hits you but does no damage.
The small abomination hits you.
* * * LOW HITPOINT WARNING * * *
The purple ugly thing gores you but does no damage.
The small abomination hits you but does no damage.
The small abomination hits you.
* * * LOW HITPOINT WARNING * * *
The small abomination hits you.
* * * LOW HITPOINT WARNING * * *
The small abomination hits you.
You die...

... .....#.....
.._.......# ..........#
#### ..........###..## #
..........##....# #..
..........##....## ..#
..........###....###...#
..........#####.@xux..#
...........#####xxxx.##
...........©.###x$x:.###.
######+###.#####.$!).####
### .......# ...###...#
#..## #..# .## ##.. #© .#


You could see a purple ugly thing and 8 small abominations.

Vanquished Creatures
  Edmund (D:6)
  An orc warrior (D:5)
  2 sky beasts
  2 ice beasts
  A phantom (D:3)
  A centaur (D:6)
  A bullfrog (D:6)
  A scorpion (D:6)
  A howler monkey (D:4)
  A crimson imp (D:6)
  A hound (D:5)
  2 jellies (D:5)
  10 orc priests
  6 orc wizards
  3 worker ants
  An iguana (D:5)
  11 adders
  A howler monkey skeleton (D:4)
  2 shadow imps
  A white imp (Abyss:2)
  2 oozes
  2 adder skeletons
  3 worms
  4 dart slugs
  4 leopard geckos
  21 orcs
  4 bats (D:1)
  10 giant cockroaches
  13 goblins
  11 hobgoblins
  4 jackals (D:5)
  A quokka (D:5)
  8 frilled lizards
  5 kobolds
  A quokka skeleton (D:4)
  8 rats
151 creatures vanquished.

Vanquished Creatures (others)
  The ghost of spinkules the Cleaver, a novice GrBe of Trog (D:5)
1 creature vanquished.

Grand Total: 152 creatures vanquished

Notes
Turn   | Place    | Note
-------+----------+-------------------------------------------
     0 | Abyss:1  | Gargoyl the Minotaur Abyssal Knight began the quest for the Orb.
     0 | Abyss:1  | Reached XP level 1. HP: 19/19 MP: 1/1
    99 | Abyss:2  | Noticed a rust devil
    99 | D:1      | Escaped the Abyss
   174 | D:1      | Reached XP level 2. HP: 23/27 MP: 2/2
   332 | D:1      | Reached * piety under Lugonu
   572 | D:1      | Reached XP level 3. HP: 29/33 MP: 3/3
  1053 | D:2      | Reached XP level 4. HP: 38/41 MP: 5/5
  1169 | D:2      | You fall through a shaft for 2 floors!
  1607 | D:3      | Noticed a phantom
  1627 | D:3      | Killed a phantom
  1627 | D:3      | Reached skill level 5 in Fighting
  1627 | D:3      | Reached XP level 5. HP: 32/48 MP: 6/6
  1775 | D:3      | Reached ** piety under Lugonu
  1930 | D:3      | Reached XP level 6. HP: 45/56 MP: 7/7
  3209 | D:3      | Reached skill level 5 in Axes
  3402 | D:3      | Found a glowing golden altar of the Shining One.
  3633 | D:4      | Reached XP level 7. HP: 45/61 MP: 8/8
  3837 | D:4      | Found an opulent altar of Gozag.
  4244 | D:5      | Entered Level 5 of the Dungeon
  4264 | D:5      | Reached *** piety under Lugonu
  4271 | D:5      | Reached skill level 5 in Armour
  4278 | D:5      | Noticed spinkules's ghost (novice GrBe)
  4971 | D:5      | Banished spinkules's ghost
  5084 | D:5      | Reached XP level 8. HP: 20/70 MP: 10/10
  5540 | D:5      | Found a burning altar of Makhleb.
  6001 | D:6      | Reached skill level 5 in Invocations
  6042 | D:6      | Found Gayhung's Weapon Boutique.
  6300 | D:5      | Found a sparkling altar of Nemelex Xobeh.
  6449 | D:6      | Noticed Edmund
  6455 | D:6      | Killed Edmund
  6533 | D:6      | Found Dim Jost's Distillery.
  6542 | D:6      | Bought a potion of mutation for 96 gold pieces
  6542 | D:6      | Gained mutation: Armour fits poorly on your strangely shaped body. [potion of mutation]
  6542 | D:6      | Gained mutation: You have sharp toenails. [potion of mutation]
  6543 | D:6      | Lost mutation: Armour fits poorly on your strangely shaped body. [potion of mutation]
  6543 | D:6      | Lost mutation: You have sharp toenails. [potion of mutation]
  6543 | D:6      | Gained mutation: Your muscles are strong. (Str +2) [potion of mutation]
  6543 | D:6      | Gained mutation: You are partially covered in iridescent scales. (AC +2) [potion of mutation]
  6544 | D:6      | Bought a potion of curing for 36 gold pieces
  6544 | D:6      | Bought a potion of mutation for 96 gold pieces
  6544 | D:6      | Bought a potion of curing for 36 gold pieces
  6544 | D:6      | Bought a potion of heal wounds for 60 gold pieces
  6544 | D:6      | Lost mutation: You are partially covered in iridescent scales. (AC +2) [potion of mutation]
  6544 | D:6      | Lost mutation: Your muscles are strong. (Str +2) [potion of mutation]
  6544 | D:6      | Gained mutation: Your flesh is cold resistant. (rC+) [potion of mutation]
  6544 | D:6      | Gained mutation: You are resistant to electric shocks. (rElec) [potion of mutation]
  6581 | D:6      | Found Osseejet's General Store.
  7189 | D:6      | Reached XP level 9. HP: 78/78 MP: 11/11
  7450 | D:7      | Found a shadowy altar of Dithmenos.
  7460 | D:7      | Found a transporter.
  7468 | D:7      | Found a corrupted altar of Lugonu.
  7472 | D:7      | Noticed a purple ugly thing
  7473 | D:7      | Found a transporter.
  7481 | D:7      | Slain by a small abomination

Skill      XL: |  1  2  3  4  5  6  7  8  9 |
---------------+----------------------------+-----
Invocations    | 2 3 4 5 |  5.4
Fighting       | 4 5 6 |  6.4
Axes           | 3 4 5 6 7 8 |  8.0
Armour         | 3 4 5 8 |  8.3
Dodging        | 2 3 |  3.3

Action                   |  1- 3 |  4- 6 |  7- 9 || total
-------------------------+-------+-------+-------++-------
Melee: Hand axe          |    57 |   105 |   187 ||   349
       Headbutt          |     8 |    11 |    34 ||    53
Invok: Depart the Abyss  |     1 |       |       ||     1
       Banish            |       |       |     1 ||     1
Evoke: Wand              |       |       |     1 ||     1
  Use: Scroll            |     3 |     7 |     4 ||    14
       Potion            |       |     1 |     4 ||     5
  Eat: Chunk             |       |     8 |    20 ||    28
       Bread ration      |       |       |     1 ||     1
Armor: Leather armour    |    13 |     8 |       ||    21
       Ring mail         |       |    15 |       ||    15
       Chain mail        |       |    16 |    69 ||    85
       Plate armour      |       |       |    41 ||    41
Dodge: Dodged            |    35 |    67 |    64 ||   166
